 Dungeon Crawl Stone Soup version 0.30-a0-305-g026cb31310 (webtiles) character file.

Game seed: 8135766539398135047

2747 GenialerGandalf the Cleaver (level 9, -2/74 (79) HPs)
             Began as a Hill Orc Fighter on Oct 21, 2022.
             Was a Priest of Beogh.
             Slain by an acid dragon (6 damage)
             ... on level 7 of the Dungeon on Oct 23, 2022.
             The game lasted 00:29:04 (7810 turns).

GenialerGandalf the Cleaver (Hill Orc Fighter)      Turns: 7810, Time: 00:29:06

HP:   -2/74 (79)    AC:  7    Str: 23    XL:     9   Next: 68%
MP:   12/12         EV:  7    Int:  8    God:    Beogh [***...]
Gold: 18            SH:  5    Dex: 10    Spells: 9/9 levels left

rFire   . . .      SeeInvis .    a - +0 war axe
rCold   . . .      Faith    .    c - +0 buckler
rNeg    . . .      Spirit   .    v - +0 chain mail
rPois   +          Reflect  .    A - +0 helmet
rElec   .          Harm     .    (no cloak)
rCorr   .          Rampage  .    (no gloves)
Will    .....                    (no boots)
Stlth   ..........               (no amulet)
HPRegen 0.32/turn                C - ring of poison resistance
MPRegen 0.13/turn                t - +4 ring of protection

@: corroded, drained
A: no striking features
a: Renounce Religion, Smiting


You were on level 7 of the Dungeon.
You worshipped Beogh.
Beogh was most pleased with you.
You visited 2 branches of the dungeon, and saw 8 of its levels.

You collected 333 gold pieces.
You spent 315 gold pieces at shops.

Inventory:

Hand Weapons
 a - a +0 war axe (weapon)
Armour
 b - a +0 scale mail
 c - a +0 buckler (worn)
 v - a +0 chain mail (worn)
 A - a +0 helmet (worn)
Jewellery
 h - a ring of willpower
 l - a ring of flight
 q - a ring of protection from cold
 t - a +4 ring of protection (right hand)
 B - a ring of fire
 C - a ring of poison resistance (left hand)
Wands
 E - a wand of light (5)
Scrolls
 e - 8 scrolls of teleportation
 f - 2 scrolls of vulnerability
 g - a scroll of butterflies {unknown}
 j - a scroll of enchant armour
 k - 2 scrolls of noise
 m - a scroll of blinking
 n - a scroll of immolation
 p - a scroll of summoning {unknown}
 u - a scroll of magic mapping {unknown}
 x - a scroll of amnesia {unknown}
 y - a scroll of enchant weapon {unknown}
Potions
 d - 3 potions of might
 i - 2 potions of lignification
 o - a potion of mutation
 r - a potion of flight
 w - 2 potions of ambrosia
 z - a potion of magic
Miscellaneous
 F - a piece from Xom's chessboard (15/15)


   Skills:
 * Level 7.4 Fighting
 * Level 11.4 Axes
 + Level 6.5 Armour
 * Level 5.7 Shields
 * Level 0.9 Spellcasting
 * Level 5.0 Invocations


You had 9 spell levels left.
You didn't know any spells.
Your spell library contained the following spells:

 Spells                   Type           Power      Damage    Failure   Level
 Shock                    Conj/Air       0%         1d3       98%         1
 Summon Small Mammal      Summ           0%         N/A       98%         1
 Static Discharge         Conj/Air       0%         2-2/arc   99%         2
 Call Canine Familiar     Summ           0%         N/A       100%        3
 Summon Guardian Golem    Hex/Summ       0%         N/A       100%        3
 Swiftness                Air            0%         N/A       100%        3
 Vhi's Electric Charge    Tloc/Air       0%         N/A       100%        3
 Airstrike                Air            0%         2d(0-16)  100%        4
 Arcjolt                  Conj/Air       0%         1d10      100%        5
 Lightning Bolt           Conj/Air       0%         1d11      100%        5


Dungeon Overview and Level Annotations

Branches:
Dungeon (7/15)             Temple (1/1) D:5

Altars:
Ashenzari
Cheibriados
Dithmenos
Kikubaaqudgha
Makhleb
Nemelex Xobeh
Ru
Sif Muna
Trog
Uskayaw
Wu Jian
Xom
Yredelemnul
Zin
The Shining One

Shops:
D:6 *   D:7 *

Annotations:
D:7 1 runed translucent door, Prince Ribbit; jehirs's ghost, novice MfSu


Message History

You see here a sky beast corpse.
Prince Ribbit comes into view.
An acid dragon comes into view.
Prince Ribbit blinks!
The acid dragon spits acid at you. The splash of acid hits you.
The acid corrodes you! Prince Ribbit closely misses you.
Prince Ribbit hits you!
Prince Ribbit blinks!
The acid dragon barely misses you. The acid dragon claws you.
The acid dragon barely misses you.
The acid dragon claws you but does no damage.
You hit the acid dragon.
The acid dragon is lightly wounded.
The acid dragon barely misses you. You block the acid dragon's attack.
You closely miss the acid dragon.
The acid dragon is lightly wounded.
The acid dragon bites you.
The acid dragon claws you but does no damage.
You closely miss the acid dragon.
The acid dragon is lightly wounded.
The acid dragon spits acid at you. The splash of acid hits you!
The acid corrodes you!
Prince Ribbit lets out a mournful croak.
Prince Ribbit hits you.
You slash the acid dragon!
The acid dragon is heavily wounded.
You slash Prince Ribbit! Prince Ribbit hits you! The acid dragon bites you!
The acid dragon claws you.
* * * LOW HITPOINT WARNING * * *
You barely miss the acid dragon.
The acid dragon is heavily wounded.
You barely miss Prince Ribbit.
Prince Ribbit hits you but does no damage.
You miss Prince Ribbit.
Prince Ribbit is moderately wounded.
You hit the acid dragon but do no damage.
Prince Ribbit hits you!
* * * LOW HITPOINT WARNING * * *
The acid dragon bites you.
You die...

#)..#.
#..#.....#####...##
#..#.....#..##...##
#..#...F.#...#....#
#..#.....#...#....#
#..#.....#...#....#
#..#.....#..###'###
###D#.....#..##...##
#..@F.....#...#....'
#.........#...'....#
#....<....#..##'####
#.........#..##...##
#.........#.......##
#.........#.......##
#.†.......#.........
#........>#..##...##
#.........#..##..)##


You could see Prince Ribbit and an acid dragon.

Vanquished Creatures
  A steam dragon (D:7)
  2 water moccasins
  4 black bears
  A sky beast (D:7)
  2 ogres
  A centaur (D:6)
  A phantom (D:5)
  3 kobold brigands
  4 scorpions
  5 wights
  2 jellies (D:5)
  5 hounds
  A gnoll bouda (D:6)
  5 orc priests
  3 iguanas
  4 orc wizards
  12 adders
  8 gnolls
  2 shadow imps
  A white imp (D:7)
  3 ufetubi
  3 worms
  3 dart slugs
  21 orcs
  6 bats
  8 endoplasms
  2 giant cockroaches
  9 goblins
  5 hobgoblins
  7 jackals
  4 quokkas
  6 ball pythons
  6 frilled lizards
  13 kobolds
  8 rats
171 creatures vanquished.

Vanquished Creatures (others)
  An orc wizard (D:3)
  An orc (D:4)
  An endoplasm (D:4)
  A giant cockroach (D:4)
  28 plants (D:1)
32 creatures vanquished.

Grand Total: 203 creatures vanquished

Notes
Turn   | Place    | Note
-------+----------+-------------------------------------------
     0 | D:1      | GenialerGandalf the Hill Orc Fighter began the quest for
                  | the Orb.
     0 | D:1      | Reached XP level 1. HP: 19/19 MP: 1/1
   163 | D:1      | Reached XP level 2. HP: 27/27 MP: 2/2
   228 | D:1      | Reached skill level 3 in Axes
   451 | D:1      | Reached XP level 3. HP: 33/33 MP: 3/3
  1170 | D:2      | Reached XP level 4. HP: 40/40 MP: 4/4
  1205 | D:2      | Reached skill level 4 in Axes
  1794 | D:3      | Reached XP level 5. HP: 33/47 MP: 5/5
  2002 | D:3      | Reached skill level 5 in Axes
  2198 | D:3      | Found a faded altar of an unknown god.
  2233 | D:3      | Found a broken altar of Ashenzari.
  2672 | D:3      | Found an ornate altar of the Wu Jian Council.
  2785 | D:4      | Became a worshipper of Beogh the Brigand
  2867 | D:4      | Reached XP level 6. HP: 45/55 MP: 6/6
  2973 | D:4      | Noticed a black bear
  2983 | D:4      | Killed a black bear
  2984 | D:4      | Reached skill level 5 in Fighting
  2984 | D:4      | Reached skill level 1 in Invocations
  2987 | D:4      | Reached skill level 6 in Axes
  2987 | D:4      | Reached skill level 5 in Armour
  3300 | D:4      | Reached XP level 7. HP: 61/61 MP: 6/8
  3862 | D:5      | Entered Level 5 of the Dungeon
  3862 | D:5      | You are sucked into a shaft and drop 1 floor!
  3976 | D:5      | Reached skill level 7 in Axes
  3979 | D:5      | Reached * piety under Beogh
  4221 | D:5      | Found a staircase to the Ecumenical Temple.
  4376 | Temple   | Entered the Ecumenical Temple
  4676 | D:5      | Reached XP level 8. HP: 52/69 MP: 9/9
  4811 | D:5      | Reached skill level 8 in Axes
  5122 | D:5      | Reached ** piety under Beogh
  5166 | D:5      | Reached skill level 5 in Shields
  5190 | D:5      | Reached skill level 9 in Axes
  5874 | D:6      | Reached skill level 10 in Axes
  5874 | D:6      | Reached XP level 9. HP: 35/78 MP: 10/12
  6247 | D:6      | Identified the +4 spear of Revolt {venom, *Noise Drain
                  | rN+++ rCorr}
  6391 | D:6      | Found Ynapar's Assorted Antiques.
  6398 | D:6      | Bought a scroll of teleportation for 75 gold pieces
  7155 | D:7      | Found a runed translucent door.
  7155 | D:7      | Noticed jehirs's ghost (novice MfSu)
  7196 | D:7      | Reached skill level 11 in Axes
  7219 | D:7      | Found Puzusch's General Store.
  7233 | D:7      | Bought a piece from Xom's chessboard (15/15) for 240 gold
                  | pieces
  7509 | D:7      | Reached *** piety under Beogh
  7633 | D:7      | Reached skill level 5 in Invocations
  7797 | D:7      | Noticed Prince Ribbit
  7810 | D:7      | Slain by an acid dragon

Illustrated notes

Levels and vault maps discovered:
D:1:      dpeg_chamrin_arrival_tetris, layout_loops_ring, serial_bayou_lagoon_b
D:2:      layout_rooms, corexii_item_surrounded_by_moat,
          kennysheep_generic_room_13
D:3:      layout_loops_cross, mainiacjoe_overflow_alcove_2,
          evilmike_ruin_ashenzari, ebering_ecumenical_altar_abandoned,
          serial_glass, glass_columns_b, glass_columns_c, glass_columns_a,
          minmay_fractal_squares_5
D:4:      layout_loops_cross, eino_small_chamber_without_monster
D:5:      minmay_evil_eye, layout_basic, minmay_temple_entry_ruins,
          nzn_random_ring
D:6:      layout_loops_ring, serial_shops, shop
D:7:      minmay_skewed_foursquare, layout_gridville, gammafunk_ghost_grave,
          serial_shops, shop, nicolae_stop_n_shop_2, uniq_prince_ribbit1
Temple:   hellmonk_temple_forest_ring

Skill      XL: |  1  2  3  4  5  6  7  8  9 |
---------------+----------------------------+-----
Fighting       | 4 5 6 7 |  7.4
Axes           | 3 4 5 6 7 10 11 | 11.4
Armour         | 4 5 6 |  6.5
Shields        | 4 5 |  5.7
Invocations    | 1 2 4 5 |  5.0
Spellcasting   | |  0.9

Action                   |  1- 3 |  4- 6 |  7- 9 || total
-------------------------+-------+-------+-------++-------
Melee: War axe           |   122 |   182 |   335 ||   639
Invok: Convert to Beogh  |       |     1 |       ||     1
  Use: Scroll            |       |     5 |     5 ||    10
       Potion            |       |       |     4 ||     4
 Stab: Distracted        |       |     1 |       ||     1
Armor: Scale mail        |    33 |   111 |    13 ||   157
       Chain mail        |       |       |   202 ||   202
Dodge: Dodged            |    37 |   104 |   146 ||   287
Block: Buckler           |    18 |    54 |    84 ||   156

Table legend: (Time is in decaauts)
 A = Elapsed time spent in this place.
 B = Non-inter-level travel time spent in this place.
 C = Inter-level travel time spent in this place.
 D = Time resting spent in this place.
 E = Time spent auto-exploring this place.
 F = Levels seen in this place.
 G = Mean time per level.
                   A        B        C        D        E       F      G
               +--------+--------+--------+--------+--------+-----+--------+
         Total |   8001 |   7738 |    263 |   1489 |   2569 |   8 | 1000.1 |
       Dungeon |   7821 |   7558 |    263 |   1489 |   2442 |   7 | 1117.3 |
        Temple |    179 |    179 |      0 |      0 |    127 |   1 |  179.0 |
               +--------+--------+--------+--------+--------+-----+--------+

Top non-repeatable levels by time:
     D:5: 1799 daAuts
     D:3: 1285 daAuts
     D:6: 1225 daAuts
     D:1: 1200 daAuts
     D:4: 1086 daAuts
     D:2: 622 daAuts
     D:7: 602 daAuts
  Temple: 179 daAuts
